 Dungeon Crawl Stone Soup version 0.18-a0-1702-gd20c6a5 (webtiles) character file.

53 namelastname112 the Conjurer (level 3, -2/14 HPs)
             Began as a Felid Conjurer on Apr 7, 2016.
             Slain by an adder (5 damage)
             ... on level 3 of the Dungeon.
             The game lasted 00:03:12 (1559 turns).

namelastname112 the Conjurer (Felid Conjurer)       Turns: 1559, Time: 00:03:12

Health: -2/14      AC:  1    Str:  4    XL:     3   Next: 62%
Magic:  0/8        EV: 18    Int: 17    God:
Gold:   88         SH:  0    Dex: 16    Spells: 2 memorised, 5 levels left
                                        Lives:  0   Deaths: 0

rFire  . . .     SeeInvis +     (weapon unavailable)
rCold  . . .     Gourm    .     (armour unavailable)
rNeg   . . .     Faith    .     (shield unavailable)
rPois  .         Spirit   .     (helmet unavailable)
rElec  .         Dismiss  .     (cloak unavailable)
rCorr  .         Reflect  .     (gloves unavailable)
SustAt .         Harm     .     (boots unavailable)
MR     .....                    (no amulet)
Stlth  ++........               (no ring)
                                d - ring of loudness (curse)

@: lethally poisoned (-2 -> -14), very slightly contaminated, quick, not
resistant to hostile enchantments, unstealthy
A: no armour, no weapons or thrown items, claws 1, fangs 3, see invisible,
carnivore 3, speed 1, shaggy fur 1, slow metabolism 1, sharp paws
a: no special abilities


You were on level 3 of the Dungeon.
You were completely stuffed.

You visited 1 branch of the dungeon, and saw 3 of its levels.

You collected 88 gold pieces.

Inventory:

Jewellery
 d - a cursed ring of loudness (left paw)
Scrolls
 c - a scroll of enchant armour {unknown}
 e - a scroll of recharging
 f - 4 scrolls of teleportation {unknown}
 g - 2 scrolls of enchant weapon {unknown}
 i - 5 scrolls of identify {unknown}
 j - a scroll of amnesia {unknown}
 k - a scroll of remove curse {unknown}
Potions
 h - a potion of magic {unknown}
 m - a potion of lignification {unknown}
 n - a potion of resistance {unknown}
 p - a potion of heal wounds {unknown}
 r - a potion of haste {unknown}
Books
 a - a book of Conjurations

   Spells                             Type                      Level
   a - Magic Dart                     Conjuration                  1
   b - Searing Ray                    Conjuration                  2
   c - Dazzling Spray                 Conjuration/Hexes            3
   d - Fulminant Prism                Conjuration/Hexes            4
   e - Iskenderun's Mystic Blast      Conjuration                  4
   f - Iskenderun's Battlesphere      Conjuration/Charms           5
Comestibles
 b - a meat ration
 o - a beef jerky
 q - a slice of pizza


   Skills:
 + Level 3.1 Dodging
 - Level 2.6 Stealth
 * Level 3.0 Spellcasting
 * Level 4.1 Conjurations


You had 5 spell levels left.
You knew the following spells:

 Your Spells              Type           Power        Failure   Level  Hunger
x - Searing Ray           Conj           ###...       6%          2    ##.....
z - Magic Dart            Conj           ###.         3%          1    None


Dungeon Overview and Level Annotations

Branches:
Dungeon (3/15)

Altars:


Innate Abilities, Weirdness & Mutations

You cannot wear armour.
You are incapable of wielding weapons or throwing items.
You have sharp claws.
You have razor-sharp teeth.
You have supernaturally acute eyesight.
You are carnivorous and can eat meat at any time.
You cover ground quickly.
You are covered in fur (AC +1).
You have a slow metabolism.
Your sharp claws are effective at attacking unaware monsters.


Message History

You miss the adder.
The adder is heavily wounded.
The adder barely misses you. The adder closely misses you.
You scratch the adder.
The adder is almost dead.
The adder bites you. The adder closely misses you. The adder misses you.
You scratch the adder but do no damage.
The adder is almost dead.
The adder misses you. The adder closely misses you.
The adder bites you but does no damage.
You barely miss the adder.
The adder is almost dead.
The adder bites you. The adder closely misses you.
You miss the adder.
The adder is almost dead.
The adder bites you.
* * * LOW HITPOINT WARNING * * *
You are lethally poisoned!
The adder poisons you! The adder closely misses you. The adder bites you.
You die...

... ....# ..# .#..
#.# .!...#. .# #.#
..#..#...# ...
..#...#..# #.#
....#.#.. #.#
....#..# #S#
.......# #@#
###...##########S#
.................#
##################


You could see 2 adders.

Vanquished Creatures
  An adder (D:2)
  An ooze (D:2)
  A worm (D:2)
  A dart slug (D:2)
  3 bats
  3 giant cockroaches
  4 goblins
  2 hobgoblins
  4 jackals (D:1)
  A ball python (D:1)
  4 giant newts (D:1)
  6 kobolds
  4 rats (D:1)
35 creatures vanquished.

Notes
Turn   | Place    | Note
--------------------------------------------------------------
     0 | D:1      | namelastname112 the Felid Conjurer began the quest for the Orb.
     0 | D:1      | Reached XP level 1. HP: 7/7 MP: 4/4
   148 | D:1      | Vulkandrache: wow, that new felid looks shit
   149 | D:1      | namelastname112: black was better yeah
   274 | D:1      | Reached XP level 2. HP: 11/11 MP: 4/6
   278 | D:1      | Learned a level 2 spell: Searing Ray
   924 | D:2      | Reached skill level 4 in Conjurations
   924 | D:2      | Reached XP level 3. HP: 14/14 MP: 0/8
  1559 | D:3      | Slain by an adder

Vault maps used:
D:1:      dpeg_arrival_simpleton_c
D:2:      serial_bayou_pond_e
D:3:      marbit_many_paths, first_bread, hangedman_decor_peaks_small,
          minivault_4, uniq_iyjb, uniq_jessica, uniq_robin

Skill      XL: |  1  2  3 |
---------------+----------+-----
Dodging        | 3 |  3.1
Conjurations   | 4 |  4.1
Spellcasting   | 3 |  3.0
Stealth        | |  2.6

Action                   || total
-------------------------++-------
Melee: Unarmed           ||     5
 Cast: Magic Dart        ||    73
       Searing Ray       ||     4
  Use: Scroll            ||     1
  Eat: Chunk             ||     9
